AoeStats
← schmeno

Arabia

506568429Analyzed
3v3 RM · 20d ago on Sep 14, 2026· 39m 27s· 6 players
Game mode
Random Map
Map size
Normal (6 player)
Population
200
Speed
Normal
Resources
Standard
Victory
Conquest
Starting age
Dark Age
Ending age
Imperial Age
RankedLock teamsTeams togetherTeam positionsShared explorationLock speedFull tech treeHidden civsTurbo modeCheats
Victory
Defeat
🇵🇪 Ethiopians · Peru
1187
+16
🇵🇪 Franks · Peru
1182
+17
🇵🇪 Khitans · Peru
1134
+19
🇺🇸 Maya · United States
1235
-19
🇺🇸 Franks · United States
1190
-17
🇺🇸 Ethiopians · United States
1156
-16
SparMankus
3:02 Loom
6:33 Loom
9:35 Feudal Age
10:17 Double-Bit Axe
17:45 Castle Age
16:00 Gold Mining
17:22 Scale Barding Armor
23:31 Chain Barding Armor
25:23 Forging
29:27 Iron Casting
32:44 Gold Shaft Mining
33:49 Wheelbarrow
36:09 Hand Cart
39:13 Imperial Age
40:34 Plate Barding Armor
Kosako
3:13 Loom
10:39 Feudal Age
11:09 Double-Bit Axe
20:19 Castle Age
18:11 Domestication
18:46 Fletching
18:57 Padded Archer Armor
20:04 Scale Barding Armor
20:11 Forging
19:59 Gold Mining
20:33 Elite Skirmisher
21:18 Pastoralism
21:30 Bow Saw
21:38 Husbandry
21:35 Town Watch
25:56 Chain Barding Armor
25:53 Leather Archer Armor
27:31 Wheelbarrow
28:50 Iron Casting
29:44 Hand Cart
29:49 Bodkin Arrow
35:41 Imperial Age
37:01 Plate Barding Armor
36:30 Bracer
37:01 Ring Archer Armor
36:10 Elite Steppe Lancer
38:00 Ballistics
38:13 Scale Mail Armor
[Inkas'A] Q-NEO
10:17 Feudal Age
10:44 Loom
11:15 Double-Bit Axe
14:33 Gold Mining
14:27 Horse Collar
21:42 Castle Age
20:02 Fletching
20:27 Padded Archer Armor
21:26 Town Watch
21:48 Crossbowman
22:37 Thumb Ring
23:01 Bodkin Arrow
23:44 Bow Saw
23:47 Heavy Plow
26:06 Ballistics
27:08 Squires
27:25 Leather Archer Armor
27:11 Scale Mail Armor
35:27 Imperial Age
34:37 Wheelbarrow
35:36 Hand Cart
35:28 Arbalester
36:11 Bracer
37:41 Ring Archer Armor
38:12 Chemistry
Tired Cock
4:29 Loom
11:32 Feudal Age
15:47 Castle Age
17:33 Double-Bit Axe
25:41 Scale Barding Armor
29:32 Fletching
31:59 Chain Barding Armor
36:34 Husbandry
r smothers
0:28 Loom
10:22 Feudal Age
11:56 Double-Bit Axe
12:41 Horse Collar
16:54 Fletching
19:11 Wheelbarrow
20:29 Padded Archer Armor
23:32 Castle Age
23:42 Crossbowman
24:28 Thumb Ring
24:25 Bodkin Arrow
29:02 Ballistics
28:54 Town Watch
30:32 Bow Saw
32:19 Leather Archer Armor
schmeno
6:31 Loom
9:10 Feudal Age
9:49 Double-Bit Axe
19:50 Castle Age
18:18 Gold Mining
18:46 Fletching
19:52 Padded Archer Armor
19:54 Crossbowman
20:53 Bodkin Arrow
23:33 Leather Archer Armor
24:12 Bow Saw
26:18 Ballistics
29:48 Thumb Ring
33:28 Imperial Age
34:10 Bracer
33:32 Arbalester
35:29 Ring Archer Armor
35:09 Forging
36:15 Chemistry
37:51 Stone Mining
Connection lost

Rejoining the realm…

Still unreachable

The connection could not be restored.

Session expired

The server has moved on; the page needs a fresh start.